[Event "15th Chennai GM Open 2025"]
[Site "Chennai"]
[Date "2025.01.07"]
[Round "8.1"]
[White "Iniyan, Pa"]
[Black "Sammed Jaykumar, Shete"]
[Result "1-0"]
[ECO "D34"]
[WhiteElo "2508"]
[BlackElo "2379"]
[Annotator "TA"]
[PlyCount "99"]
[EventDate "2025.01.02"]
[EventType "swiss"]
[EventCountry "IND"]
[SourceTitle "playchess.com"]
[Source "ChessBase"]
[SourceQuality "1"]
[TimeControl "5400+30"]

1. d4 d5 2. c4 e6 3. Nf3 c5 4. cxd5 exd5 5. g3 Nc6 6. Bg2 c4 7. O-O Be7 8. Nc3 Nf6 9. Ne5 O-O 10. b3 cxb3 11. Nxc6 bxc6 12. axb3 Bf5 13. Ba3 Rb8 14. Na4 h5 15. Bxe7 Qxe7 16. Nc5 h4 17. Qd2 Rfe8 ({Better is} 17... h3 $14 18. Bf3 Be4) 18. Ra2 (18. gxh4 $6 Qxe2 19. Qf4 Qg4 20. Qxg4 Bxg4 $11) (18. Qf4 $16 Bg4 19. f3) 18... h3 $1 $11 19. Bh1 Be4 20. f3 Bf5 21. Kf2 (21. Re1 {simplifies} Nd7 22. Rxa7 Ra8 23. Rxa8 Rxa8 24. b4) 21... Rb5 22. Rfa1 Rxc5 (22... Ra8 $11 {keeps the balance.}) 23. dxc5 $16 Qxc5+ 24. e3 Rb8 25. Ra5 (25. Rxa7 Rxb3 26. R7a2 Kh7 $15) 25... Qd6 26. Qc3 (26. Rxa7 Rxb3 27. Kg1 Qe5 $15) 26... Qb4 (26... Rb6 $16) 27. Qxb4 $18 (27. Qxc6 $2 Qd2+ (27... Qxb3 $2 28. R5a2 $19) 28. Kg1 Qxe3+ 29. Kf1 Bd3#) 27... Rxb4 28. g4 (28. Rxa7 $6 Rxb3 29. g4 Be6 $14) 28... Be6 29. Rxa7 (29. g5 $18 Ne8 30. Rxa7) 29... Rxb3 30. R7a3 Rb2+ 31. Kg3 g5 32. Kxh3 d4 33. Kg3 $1 (33. exd4 $6 Nh5 $14) 33... Nd5 34. f4 $1 (34. exd4 $6 Nf4 $14) 34... Nxe3 35. fxg5 (35. Bxc6 gxf4+ 36. Kxf4 Rxh2 $14) 35... Kg7 {[%emt 0:02:45] [#]} 36. Rxe3 dxe3 $14 37. Bxc6 $18 {[%emt 0:00:06][%mdl 4096] Endgame KRB-KRB. White is a pawn up.} e2 38. Bf3 $1 Bb3 39. Re1 $1 Bd1 40. h4 (40. Be4 $14) 40... Rb3 $11 41. Kf4 Rb4+ 42. Be4 Ra4 43. h5 Ra3 {[%emt 0:00:16] [#]} (43... Kg8 $11) 44. h6+ ({White should try} 44. g6 $1 $16 ) 44... Kg8 45. g6 fxg6 46. Bxg6 Ra4+ $2 {[%emt 0:01:13][%mdl 8192] [#]} (46... Ra6 $1 $11 47. Kg5 Ra5+ 48. Bf5 Ra8) 47. Be4 $1 $18 Ra5 48. g5 {[%emt 0:00:09][%cal Bg4g5,Bg5g6][%mdl 32] Threatens to win with Rh1.} Ra6 $2 (48... Ra4 $18 49. g6 Rxe4+ 50. Kxe4 Bc2+ 51. Ke5 Bxg6) 49. g6 Rf6+ 50. Ke5 1-0

[Event "15th Chennai GM Open 2025"]
[Site "Chennai"]
[Date "2025.01.07"]
[Round "8.2"]
[White "Aronyak Ghosh"]
[Black "Madhvendra Pratap Sharma"]
[Result "1-0"]
[ECO "D32"]
[WhiteElo "2544"]
[BlackElo "2281"]
[Annotator "TA"]
[PlyCount "77"]
[EventDate "2025.01.02"]
[EventType "swiss"]
[EventCountry "IND"]
[SourceTitle "playchess.com"]
[Source "ChessBase"]
[SourceQuality "1"]
[TimeControl "5400+30"]

1. d4 e6 2. c4 d5 3. Nc3 c5 4. cxd5 cxd4 5. Qa4+ Bd7 6. Qxd4 exd5 7. Qxd5 Nc6 8. Nf3 Nf6 9. Qd1 Bc5 10. a3 Qe7 11. Bg5 Bg4 (11... h6 $14 12. Bxf6 (12. Nd5 Bxf2+ 13. Kxf2 Qc5+ 14. e3 Ne4+ 15. Ke1 hxg5 $11) 12... Qxf6) 12. e3 $16 Rd8 13. Qc2 Bxf3 14. gxf3 Bb6 {[%emt 0:02:07] [#]} 15. Qe4 Nxe4 16. Bxe7 Kxe7 17. fxe4 Bc5 18. Rc1 Kf8 19. Na4 Bd6 20. Nc5 Bxc5 21. Rxc5 Ke7 22. e5 ({White should try} 22. Ke2) 22... Nb8 (22... Rd7 $16) 23. Bh3 $18 Na6 {[%emt 0:02:18] Repels Rc7+} 24. Rc2 Rd5 25. f4 Rc5 26. Rxc5 Nxc5 {[%emt 0:00:01][%mdl 4096] Endgame KRB-KRN. White is a pawn up.} 27. Ke2 Na4 $2 (27... Re8 {might work better.} 28. Rc1 Ne6 29. Bxe6 Kxe6) 28. Rc1 {[%emt 0:00:50] Rc7+ would now be deadly.} Rb8 29. Rc7+ Kf8 30. b3 Nb6 31. Bg2 {[%emt 0:00:45] Inhibits Nd5.} Rd8 32. Rxb7 Nd7 (32... Nc8 $142 33. a4 h5) 33. Rxa7 Nc5 34. b4 Nb3 35. Ra8 Rxa8 36. Bxa8 Nc1+ 37. Kd2 Nb3+ 38. Kc2 Na1+ 39. Kb2 1-0

[Event "15th Chennai GM Open 2025"]
[Site "Chennai"]
[Date "2025.01.07"]
[Round "8.3"]
[White "Shahil Dey"]
[Black "Siddharth, Jagadeesh"]
[Result "1/2-1/2"]
[ECO "A30"]
[WhiteElo "2374"]
[BlackElo "2515"]
[Annotator "TA"]
[PlyCount "60"]
[EventDate "2025.01.02"]
[EventType "swiss"]
[EventCountry "IND"]
[SourceTitle "playchess.com"]
[Source "ChessBase"]
[SourceQuality "1"]
[TimeControl "5400+30"]

1. Nf3 Nf6 2. b3 b6 3. Bb2 Bb7 4. g3 e6 5. Bg2 Be7 6. O-O O-O 7. c4 c5 8. d4 cxd4 9. Nxd4 Qc8 10. Nc3 Bxg2 11. Kxg2 Qb7+ 12. Kg1 Na6 13. Qd3 Nc5 14. Qf3 {[%emt 0:02:01] The position is equal.} Nfe4 15. Nxe4 Nxe4 16. Nb5 f5 17. Nc3 Bf6 18. Rab1 (18. Qe3 {is interesting.} Bxc3 19. Bxc3 f4 20. Qd4) 18... Bxc3 19. Bxc3 Qc6 20. Rbc1 Nxc3 21. Qxc3 f4 22. Rcd1 f3 23. exf3 Rxf3 24. Rd3 Raf8 25. Rxf3 Rxf3 $11 {[%emt 0:00:04] KQR-KQR} 26. Qe5 Rf8 27. Rd1 h6 28. Rd2 {[%emt 0:00:07] White is more active.} Kh7 29. Qd4 Rf7 30. Qd3+ Kg8 {[%emt 0:00:03] Weighted Error Value: White=0.11 (very precise) /Black=0.12 (very precise) .  Inaccurate:     	White=1     	Black=4      OK:         	White=5     	Black=8} 1/2-1/2

[Event "15th Chennai GM Open 2025"]
[Site "Chennai"]
[Date "2025.01.07"]
[Round "8.4"]
[White "Mohamed Anees M"]
[Black "Das, Sayantan"]
[Result "1/2-1/2"]
[ECO "B13"]
[WhiteElo "2334"]
[BlackElo "2434"]
[Annotator "TA"]
[PlyCount "107"]
[EventDate "2025.01.02"]
[EventType "swiss"]
[EventCountry "IND"]
[SourceTitle "playchess.com"]
[Source "ChessBase"]
[SourceQuality "1"]
[TimeControl "5400+30"]

1. e4 c6 2. d4 d5 3. exd5 cxd5 4. Bd3 Nf6 5. c3 Bg4 6. Qb3 Qc7 7. h3 Bh5 8. Ne2 Bxe2 9. Bxe2 Nc6 10. O-O Rc8 11. Nd2 e6 12. Nf3 Bd6 13. Bd3 O-O 14. Re1 a6 15. a3 h6 16. Qd1 b5 17. Qe2 Na5 18. Ne5 Nb3 19. Rb1 Bxe5 20. dxe5 Nxc1 21. Rbxc1 Nd7 22. Rcd1 g6 23. Bb1 Kg7 24. Rd4 Qb6 25. Bd3 Nc5 26. Bc2 Qc7 27. Rg4 Qe7 28. h4 h5 29. Rg5 Rh8 30. f4 {[%emt 0:12:41] [#]} Ne4 $1 31. Bxe4 dxe4 32. Qxe4 Rc4 33. Qe3 Rd8 {[%emt 0:02:06][%mdl 1024] Black has compensation.} 34. Rf1 a5 35. Qf2 a4 36. Rg3 Rc5 37. Re3 Rcd5 38. Re2 {[%emt 0:01:07] Wards off Rd2} R8d7 39. Kh2 Rd3 40. Rg1 Qd8 41. g3 Qa8 42. Qg2 Qc8 43. Qe4 Qd8 44. Rgg2 R7d5 45. Re3 Rd1 46. Re1 Rxe1 47. Qxe1 $11 {[%emt 0:00:07][%mdl 4096] Endgame. KQR-KQR} Rd1 48. Qe4 Ra1 49. Qe2 Qd5 50. Rg1 Ra2 51. Rg2 Qc5 (51... Ra1 $11) 52. Qf2 Qc6 53. Qe2 (53. Qe1 $16) 53... Qd5 (53... Qc5 $11) 54. Qd2 {[%emt 0:00:34] Weighted Error Value: White=0.07 (flawless) /Black=0.09 (flawless) .  Mistake:       	White=1     	Black=2      Inaccurate:     	White=2     	Black=1      OK:         	White=10    	Black=24} 1/2-1/2

[Event "15th Chennai GM Open 2025"]
[Site "Chennai"]
[Date "2025.01.07"]
[Round "8.5"]
[White "Deepan Chakkravarthy J."]
[Black "Kaustuv, Kundu"]
[Result "1-0"]
[ECO "A37"]
[WhiteElo "2413"]
[BlackElo "2409"]
[Annotator "TA"]
[PlyCount "79"]
[EventDate "2025.01.02"]
[EventType "swiss"]
[EventCountry "IND"]
[SourceTitle "playchess.com"]
[Source "ChessBase"]
[SourceQuality "1"]
[TimeControl "5400+30"]

1. c4 c5 2. Nc3 Nc6 3. g3 g6 4. Bg2 Bg7 5. d3 d6 6. Nf3 e6 7. O-O Nge7 8. Bd2 O-O 9. a3 a5 10. Qc1 b6 11. Bh6 Bb7 12. Bxg7 Kxg7 13. h4 h6 14. e3 (14. Nb5 {is interesting.} Na7 15. Nxa7 Rxa7 16. b4) 14... Rc8 15. Qc2 d5 16. Qb3 Ba6 17. Rfd1 d4 18. exd4 cxd4 19. Nb5 (19. Na4 $14) 19... e5 $11 20. Qa4 Rb8 21. b4 Bc8 22. Re1 f6 23. Rab1 Bf5 24. Qc2 Qd7 25. Kh2 g5 26. c5 {[%emt 0:02:08] [#]} (26. Kg1 $15) 26... bxc5 $2 ({Black should try} 26... axb4 $1 $19 {Threatens to win with ...bxc5.} 27. axb4 Nd5 28. hxg5 hxg5 (28... Ncxb4 29. gxf6+ Rxf6 30. Qb3 $15)) 27. bxc5 Bg4 (27... Be6 $11) 28. Nd6 $16 Nf5 29. Nxf5+ ({Better is} 29. Ne4 $14) 29... Qxf5 $11 30. Ng1 Qd7 $132 {[%emt 0:00:22][%mdl 2048] Black puts up resistance} 31. Rb6 Ne7 (31... Rbc8 $1 $11) 32. Reb1 $14 Rxb6 (32... Rbd8 $14) 33. cxb6 $16 gxh4 34. b7 hxg3+ 35. fxg3 Qd6 (35... Rb8 $16 {is a better defense.}) 36. Rc1 (36. Rb5 $18 {Strongly threatening Qc5.} Nf5 37. Qc8 (37. Rxa5 Ne3 $18)) 36... Be6 $2 (36... Rb8 $16) 37. Qc5 $18 Qxc5 38. Rxc5 Rb8 39. Rxa5 Nd5 40. Rxd5 ({Not} 40. Bxd5 Bxd5 41. Rxd5 Rxb7 $18) 1-0

[Event "15th Chennai GM Open 2025"]
[Site "Chennai"]
[Date "2025.01.07"]
[Round "8.6"]
[White "Manish Anto Cristiano F"]
[Black "Vaz, Ethan"]
[Result "1/2-1/2"]
[ECO "B90"]
[WhiteElo "2328"]
[BlackElo "2412"]
[Annotator "TA"]
[PlyCount "92"]
[EventDate "2025.01.02"]
[EventType "swiss"]
[EventCountry "IND"]
[SourceTitle "playchess.com"]
[Source "ChessBase"]
[SourceQuality "1"]
[TimeControl "5400+30"]

1. e4 c5 2. Nf3 d6 3. d4 cxd4 4. Nxd4 Nf6 5. Nc3 a6 6. Bd3 e5 7. Nde2 Be7 8. O-O O-O 9. Ng3 Be6 10. Nd5 Bxd5 11. exd5 g6 12. c4 Nbd7 13. Be3 a5 14. b3 Ne8 15. Qd2 f5 16. f4 Bf6 17. Rac1 exf4 18. Rxf4 Bg5 19. Rff1 Qb6 20. Bxb6 Bxd2 21. Rcd1 Bb4 22. Bf2 Nef6 23. h3 Bc5 24. Ne2 a4 25. Nd4 axb3 26. axb3 Ne4 27. Bxe4 fxe4 28. Be3 Rxf1+ 29. Rxf1 Ra3 30. Re1 Bb4 31. Rf1 Bc5 32. Re1 Bb4 33. Rf1 Bc3 34. Rb1 Ra2 35. b4 b6 36. Ne6 Re2 37. Bf4 e3 38. Bxd6 Rc2 39. c5 e2 $2 (39... bxc5 $1 $11 40. bxc5 e2) 40. c6 $18 Rb2 $2 (40... e1=B $2 41. cxd7 Bh4 42. Rf1 $18 (42. d8=R+ Bxd8 43. Nxd8 Rd2 $18) (42. d8=B Bxd8 43. Nxd8 Rd2 $18) (42. d8=Q+ Bxd8 43. Nxd8 h5 $18)) (40... Nf6) 41. Rc1 (41. cxd7 $2 Rxb1+ 42. Kh2 Rh1+ (42... e1=B 43. d8=Q+ Kf7 44. Qf8#) 43. Kxh1 e1=Q+ $19 (43... e1=B 44. d8=Q+ Kf7 45. Qf8#)) (41. Re1 $142 Ra2 42. cxd7) 41... Rc2 $1 $18 42. Rb1 (42. Rxc2 $5 e1=Q+ $8 (42... e1=B 43. c7 h5 44. c8=Q+ Kf7 45. Qxd7+ Kf6 46. Re2 Bh4 47. Qg7+ Kf5 48. Re5+ Bxe5 49. Qxe5#) 43. Kh2 $11) 42... Rb2 $1 (42... e1=B $2 43. cxd7 Bf2+ 44. Kh2 $18) (42... Nf6 $2 43. c7 Bxb4 (43... e1=R+ $2 44. Rxe1 Bxb4 45. Bxb4 $18) 44. Bxb4 $18) 43. Rc1 $2 (43. cxd7 $2 Rxb1+ 44. Kh2 Rh1+ (44... e1=B 45. d8=Q+ Kf7 46. Qf8#) 45. Kxh1 e1=Q+ $19 (45... e1=B 46. d8=Q+ Kf7 47. Qf8#)) (43. Re1 $18 {White threatens c7 and mate.} Nf8 44. c7) 43... Rc2 $1 $11 44. Rxc2 (44. Rb1 Nf8 $18 (44... e1=B $2 45. Rxe1 Nf6 46. Rf1 $18) (44... Nf6 $2 45. c7 $18)) 44... e1=Q+ (44... e1=B 45. c7 (45. cxd7 Bh4 $18)) 45. Kh2 Nf6 $2 (45... Bxb4 $2 46. Bg3 (46. cxd7 $2 {loses.} Bxd6+ 47. g3 Qxg3+ 48. Kh1 Qf3+ 49. Kg1 Qd1+ 50. Kf2 Qxc2+ $19) (46. Bxb4 Qe5+ 47. g3 Qf5 $18) 46... Qe4 47. cxd7 $18) (45... Be5+ $11 {and Black stays safe.} 46. Bxe5 Nxe5 (46... Qxe5+ 47. g3 $11)) 46. c7 $18 Ng4+ ({Not} 46... Nxd5 47. c8=Q+ (47. c8=R+ Kf7 $18) 47... Kf7 48. Ng5+ Kf6 49. Qd8+ (49. Nxh7+ Kg7 $18)) 1/2-1/2

[Event "15th Chennai GM Open 2025"]
[Site "Chennai"]
[Date "2025.01.07"]
[Round "8.7"]
[White "Mayank Chakraborty"]
[Black "Czebe, Attila"]
[Result "1-0"]
[ECO "B45"]
[WhiteElo "2457"]
[BlackElo "2278"]
[Annotator "TA"]
[PlyCount "91"]
[EventDate "2025.01.02"]
[EventType "swiss"]
[EventCountry "IND"]
[SourceTitle "playchess.com"]
[Source "ChessBase"]
[SourceQuality "1"]
[TimeControl "5400+30"]

1. e4 c5 2. Nf3 Nc6 3. d4 cxd4 4. Nxd4 Nf6 5. Nc3 e6 6. Ndb5 Bb4 7. a3 Bxc3+ 8. Nxc3 d5 9. exd5 exd5 10. Bd3 O-O 11. O-O Bg4 12. f3 Bh5 13. Bg5 Ne5 14. Re1 Qb6+ 15. Kh1 Nxd3 16. Qxd3 Bg6 17. Qd2 Rad8 18. Rad1 d4 19. Ne4 Bxe4 20. Bxf6 Qxf6 21. Rxe4 Rfe8 22. Qxd4 Qxd4 (22... Rf8 $11 23. Qg1 Qxb2) 23. Rdxd4 $11 {[%emt 0:00:11][%mdl 4096] Endgame KRR-KRR. White is a pawn up.} Kf8 {[%emt 0:01:01] Threatens to win with ...Rxd4.} 24. h4 {[%emt 0:06:09] White is more active.} Rxd4 25. Rxd4 $16 {[%emt 0:00:01] KR-KR. White is a pawn up.} Re2 26. Rc4 b5 27. Rc7 a5 28. Kh2 a4 29. h5 Re1 30. Rb7 Re2 31. Rxb5 Rxc2 32. Rb7 g5 33. Rb6 Ke7 34. Kh3 f5 (34... Kf8 $142 35. g3 Rc4 36. Rb8+ Kg7) 35. g3 $2 ({White should play} 35. Rh6 $18) 35... Rf2 $11 36. Rb7+ Kf6 37. Rxh7 {[%emt 0:00:12] Strongly threatening Rh6+.} Rxf3 $2 (37... f4 $1 $14) 38. Rh6+ $18 Kf7 39. Rg6 g4+ 40. Kh4 Rb3 41. Ra6 Rxb2 (41... f4 $142 42. gxf4 (42. Kxg4 fxg3 43. Kh3 Rxb2 $11) 42... g3) 42. h6 (42. Kg5 $142 Rb3 43. Ra7+ (43. Rxa4 Rxg3 44. Kxf5 Rg1 $16) 43... Kf8 44. Kf6 (44. Rxa4 Rxg3 45. Kf6 Ke8 $18) (44. Kxf5 Rxg3 45. h6 Rh3 $18) (44. h6 Kg8 $18)) 42... Kg8 43. Kg5 Kh7 44. Ra7+ Kh8 45. Kxf5 (45. Rxa4 $142 Rb6 46. Ra8+ (46. Kxf5 Kh7 $18) 46... Kh7 47. Ra7+ (47. Kxf5 Kxh6 48. Kxg4 Rb5 $18) 47... Kg8 48. a4 (48. Kxf5 Rxh6 49. Kxg4 Rd6 $18)) 45... Rb3 46. Kg5 1-0

[Event "15th Chennai GM Open 2025"]
[Site "Chennai"]
[Date "2025.01.07"]
[Round "8.8"]
[White "Vaidyanathan, Kannan"]
[Black "Sanket Chakravarty"]
[Result "0-1"]
[ECO "D38"]
[WhiteElo "1940"]
[BlackElo "2374"]
[Annotator "TA"]
[PlyCount "88"]
[EventDate "2025.01.02"]
[EventType "swiss"]
[EventCountry "IND"]
[SourceTitle "playchess.com"]
[Source "ChessBase"]
[SourceQuality "1"]
[TimeControl "5400+30"]

1. d4 Nf6 2. c4 e6 3. Nc3 d5 4. cxd5 exd5 5. Bg5 Bb4 6. Qc2 c5 7. Nf3 Nbd7 8. e3 Qa5 9. Nd2 {[%emt 0:17:33] Prevents Ne4.} O-O 10. Bxf6 Nxf6 {[%emt 0:00:11] White has an edge.} 11. Nb3 Bxc3+ 12. bxc3 Qa4 13. dxc5 Qg4 14. Nd4 {[%emt 0:07:28] Inhibits Bf5.} Ne4 15. g3 {[%emt 0:05:49] And now f3 would win.} Nxc5 16. Bg2 Be6 17. O-O Rac8 18. f4 Ne4 19. f5 Bd7 (19... Rxc3 $2 20. Qb2 Bc8 (20... Qg5 $2 21. Rae1 $18) 21. Rf4 $18 (21. Bxe4 Rxe3 22. Bg2 Qg5 $18)) 20. Rf4 Qg5 21. Bxe4 dxe4 22. Qxe4 Rxc3 23. Qxb7 Rxe3 24. Qxd7 {[%emt 0:02:58][%cal Of4f2] Strongly threatening Rf2!} Rxg3+ $1 25. hxg3 Qxg3+ 26. Kf1 Qxf4+ 27. Ke2 Qb8 {[%emt 0:07:00] White must now prevent ...Qb2+.} 28. Kd3 Rd8 29. Qe7 h6 30. Qe4 Qb5+ (30... Qb2 31. Rg1 Qa3+ (31... Qxa2 32. Qe5 $11) 32. Ke2) 31. Ke3 Qa4 {[%emt 0:00:06] ...Re8 is the strong threat.} 32. Nc6 Qa3+ 33. Kf4 Rd3 34. Ne7+ $2 {[%emt 0:04:58][%mdl 8192] [#]} (34. Ne5 $1 $11 {and White has nothing to worry.} Rh3 35. Rg1 Qxa2 36. Rxg7+ Kxg7 37. f6+ Kg8 (37... Kxf6 38. Qf5+ Kg7 39. Qg4+ Kf8 40. Qc8+ Kg7 41. Qg4+ Kf6 42. Qf5+ Kg7 43. Qxh3 $11) 38. Qa8+ Kh7 39. Qe4+ Kg8 40. Qa8+ Kh7 41. Qe4+ Kg8) 34... Kf8 $1 $19 35. Ng6+ $2 (35. Nc6 {is the only way for White.} Rh3 36. Qe7+ (36. Rg1 $2 Rh4+ 37. Rg4 Qc1+ 38. Ke5 Rxg4 $19) 36... Qxe7 37. Nxe7 Kxe7 38. Rc1 Rh4+ 39. Ke5 f6+ 40. Kd5) 35... fxg6 {[%emt 0:00:45][%mdl 4096] Endgame. KQR-KQR} 36. Qa8+ Kf7 37. fxg6+ {[%emt 0:01:27] [#]} Kf6 $1 {[%emt 0:00:47] ( -> ...Qd6+)} ({And not} 37... Kxg6 38. Qe4+ Kf6 (38... Kf7 39. Qc4+ Kg6 40. Qe6+ Kh7 41. Qf5+ Kg8 42. Qe6+ Kh7 43. Qf5+ Kh8 44. Qc8+ Kh7 45. Qf5+ $11) 39. Rf1 $11) 38. Ke4 $2 (38. Qc6+ $19 Qd6+ 39. Qxd6+ Rxd6 40. Ke4) 38... Qd6 (38... Re3+ $142 39. Kf4 Qc5 (39... Kxg6 $2 40. Rg1+ Kh7 41. Qb7 $19) 40. Qf8+ Qxf8 41. Kxe3 Qa3+ (41... Kxg6 $2 42. Rg1+ Kh7 43. Rg2 $19) 42. Ke4 Qb2 (42... Kxg6 $2 43. Rg1+ Kh7 44. Rg2 $19) 43. Rf1+ Kxg6 44. Kf3 Qxa2 45. Re1 a5 46. Kg3 Qb3+ 47. Kf2 a4 48. Ke2 Qg3 49. Rd1 a3 50. Rd3 Qh2+ 51. Kf1 Qf4+ 52. Ke2 a2 53. Rd1 Qg4+ 54. Ke1 Qxd1+ 55. Kxd1 a1=Q+ (55... a1=B {leads to mate.} 56. Ke2 Kf5 57. Kf2 g5 58. Kg3 g4 59. Kf2 h5 60. Kg3 h4+ 61. Kf2 h3 62. Kg3 Bd4 63. Kh2 Kf4 64. Kh1 Kg5 65. Kh2 Kh4 66. Kh1 Be3 67. Kh2 g3+ 68. Kh1 g2+ 69. Kh2 g1=Q#) 56. Kc2 Qa3 57. Kd2 Kf5 58. Kc2 Ke4 59. Kb1 Kd4 60. Kc2 Qa2+ 61. Kd1 Kd3 62. Ke1 Qe2#) 39. Rf1+ (39. Qf8+ $19 Qxf8 40. Rf1+ Kxg6 41. Rxf8) 39... Kxg6 40. Qe8+ Kh7 41. Qb5 {[%emt 0:00:35] Repels Qd5+} Qd4+ {[%emt 0:00:24] Black mates.} 42. Kf5 g6+ 43. Ke6 Re3+ 44. Kf7 Qg7# {[%emt 0:00:04] Weighted Error Value: White=0.86/Black=0.22 (precise) .  Loses game:     	White=1     	---        Mistake:       	White=3     	Black=1      Inaccurate:     	White=3     	Black=2      OK:         	White=10    	Black=12     Best:        	White=4     	Black=3      Strong:       	---       	Black=3} 0-1

[Event "15th Chennai GM Open 2025"]
[Site "Chennai"]
[Date "2025.01.07"]
[Round "8.9"]
[White "Venkatesh, M.R."]
[Black "Anadkat Kartavya"]
[Result "1-0"]
[ECO "C74"]
[WhiteElo "2362"]
[BlackElo "2139"]
[Annotator "TA"]
[PlyCount "121"]
[EventDate "2025.01.02"]
[EventType "swiss"]
[EventCountry "IND"]
[SourceTitle "playchess.com"]
[Source "ChessBase"]
[SourceQuality "1"]
[TimeControl "5400+30"]

1. e4 e5 2. Nf3 Nc6 3. Bb5 a6 4. Ba4 d6 5. c3 f5 6. exf5 Bxf5 7. d4 e4 8. Ng5 d5 9. f3 exf3 10. O-O Qd7 11. Qxf3 Nh6 12. Qh5+ g6 13. Re1+ Kd8 {[%emt 0:00:02] [#]} 14. Qh4 ({Better is} 14. Qf3 $1) 14... Kc8 $16 15. Bxc6 bxc6 16. Nd2 Nf7 17. Nxf7 (17. Nxh7 $2 Bd6 18. c4 g5 $19) 17... Qxf7 18. Nf3 Bd6 {[%emt 0:00:03] [#]} (18... h6 $14) 19. Bf4 $1 $16 Be4 20. Bxd6 cxd6 21. Nd2 g5 (21... Re8 $16 22. Nxe4 dxe4 23. Rxe4 Kc7) 22. Nxe4 $18 (22. Qxg5 $6 Bxg2 23. Re7 (23. Kxg2 $2 Rg8 $19) 23... Rg8 24. Rxf7 Rxg5) 22... dxe4 23. Qxe4 Kc7 24. Qe7+ Qxe7 25. Rxe7+ Kb6 26. Rae1 d5 27. R1e6 Rac8 28. h3 a5 29. b3 Rc7 30. Kf2 h5 (30... a4 $142 31. Rxc7 (31. bxa4 Rxe7 32. Rxe7 Ra8 $18) 31... Kxc7 32. Re7+ (32. bxa4 Ra8 $18) 32... Kd6) 31. Rxc7 $18 Kxc7 32. Rg6 Rf8+ 33. Ke2 Re8+ 34. Kd3 Rf8 35. Rxg5 Rf2 36. a4 (36. Rxh5 Rxg2 37. Rh7+ Kb6 $16) 36... h4 37. Rg4 Kd6 38. c4 (38. Rxh4 Rxg2 39. Rg4 Rb2 $11) 38... Rb2 39. Kc3 ({Worse is} 39. Rxh4 Rxb3+ 40. Kc2 dxc4 $11) 39... Re2 40. Rxh4 Rxg2 41. Rh6+ Kc7 42. Rh7+ Kb6 43. cxd5 cxd5 44. Rh6+ Kb7 45. Rd6 Rg5 46. Kb2 Rh5 47. Kc2 Ka7 48. Rc6 Rh4 (48... Rxh3 {is a better defense.} 49. Rc5 Rh2+ 50. Kc1 Rh1+ 51. Kd2 Rh2+ 52. Ke1 Rh1+ 53. Kf2 Ka6 54. Rxd5 Rh2+ 55. Ke1 Kb6 56. Rb5+ Ka6) 49. Rc5 $18 Rxd4 50. Kc3 Rd1 51. Rxa5+ Kb6 52. Ra8 Rf1 53. Rb8+ Kc7 54. Rh8 Kd6 (54... Kb7 $142 55. b4 Rc1+ 56. Kb2 Re1) 55. Kb4 Ke5 (55... Rf4+ $142 56. Kb5 d4) 56. a5 $18 d4 57. Rd8 Ke4 58. a6 Rf7 59. Kc5 d3 60. b4 (60. Kb6 $142 Rf6+ 61. Kb7) 60... Rf5+ 61. Kc4 (61. Kb6 $142 Rf6+ 62. Kb7 Rf7+ 63. Kb8) 1-0

[Event "15th Chennai GM Open 2025"]
[Site "Chennai"]
[Date "2025.01.07"]
[Round "8.10"]
[White "Ajay Santhosh Parvathareddy"]
[Black "Vijay Shreeram P"]
[Result "1-0"]
[ECO "A96"]
[WhiteElo "2292"]
[BlackElo "2025"]
[Annotator "TA"]
[PlyCount "107"]
[EventDate "2025.01.02"]
[EventType "swiss"]
[EventCountry "IND"]
[SourceTitle "playchess.com"]
[Source "ChessBase"]
[SourceQuality "1"]
[TimeControl "5400+30"]

1. d4 f5 2. g3 Nf6 3. Bg2 e6 4. Nf3 Be7 5. O-O O-O 6. c4 d6 7. Nc3 Ne4 8. Nxe4 fxe4 9. Ne1 d5 10. Be3 Nd7 11. Qc2 c6 12. f3 Bg5 13. Bxg5 Qxg5 14. Qc3 {[%emt 0:00:20] Dodges Qe3+} dxc4 15. fxe4 Rxf1+ 16. Kxf1 Nf6 (16... b5 $14) 17. Nf3 $36 {[%emt 0:00:37][%mdl 2048] Black is under strong pressure.} (17. Qxc4 Ng4 18. Qd3 Nxh2+ 19. Kg1 Ng4 $11) 17... Qh6 18. Qc1 (18. e5 $16 Nd5 19. Qc1) 18... Qh5 (18... Qxc1+ $14 19. Rxc1 Nxe4) 19. e5 Nd5 20. e4 (20. Qxc4 $2 Ne3+ 21. Kf2 Nxc4 $19) 20... Nb6 21. Qc3 Bd7 22. Kg1 Rf8 23. Re1 Be8 24. Nd2 (24. a4 $16) 24... Qg5 25. Nxc4 ({Better is} 25. Bh3 $16) 25... Nxc4 $14 26. Qxc4 Qd2 $1 {[%emt 0:01:08][%csl LRb2,LRe1] ( -> ...Qf2+)} 27. Qc3 (27. Qxe6+ $2 Bf7 28. Qf5 Qxe1+ $19) 27... Rf2 28. Bh3 Bf7 {[%emt 0:05:24] [#]} ({Black should play} 28... Bd7 $14) 29. d5 $1 $18 Rxh2 30. Qxd2 (30. Bxe6 $2 Qg2#) 30... Rxd2 31. dxe6 {[%emt 0:00:27][%mdl 4096] Endgame KRB-KRB. White is a pawn up.} Bh5 32. g4 $1 Bg6 33. Rf1 $1 Rd8 34. g5 {[%emt 0:00:05] Threatening mate with e7.} (34. e7 Re8 35. Kg2 Bxe4+ (35... Rxe7 36. Kg3 $17) 36. Kg3 Rxe7 $15) 34... Re8 35. Bf5 $1 Bh5 36. Rf2 $1 {[%emt 0:00:23] Inhibits Be2.} Re7 (36... c5 $142 37. b3 Bg6) 37. Rd2 Be8 38. Kf2 Kf8 39. Ke3 (39. Bxh7 $2 g6 $19 (39... Rxe6 40. Bf5 $14)) 39... g6 40. Bg4 c5 41. Rf2+ Kg7 42. Rc2 {[%emt 0:01:37] White is more active.} b6 {[%emt 0:00:02] [#]} (42... Rc7 $16 43. Rd2 Rc8) 43. b4 $1 cxb4 {[%emt 0:00:44] [#]} (43... Rc7 44. bxc5) 44. Kd4 $1 Ba4 (44... a5 $142 45. Kd5 a4) 45. Rc1 ({Don't do} 45. Rc8 $6 b3 46. axb3 Bxb3 $18) 45... b3 $2 (45... h5) 46. axb3 Bxb3 47. Rc3 Ba4 {[%emt 0:02:04] [#]} (47... Bxe6 $142 48. Bxe6 Rxe6) 48. Kd5 $1 {[%emt 0:00:27] Threatens to win with Kd6.} b5 49. Kd6 b4 50. Rf3 $2 ({Less strong is} 50. Rc8 Rb7 $11) (50. Rc4 $18) 50... Rb7 $11 {[%emt 0:00:20] and ...b3 should not be overlooked} 51. Rf7+ Rxf7 52. exf7 Kf8 $2 (52... Kxf7 $11 53. Bd7 Bxd7 54. Kxd7 b3) 53. e6 b3 54. e7+ 1-0